 Dungeon Crawl Stone Soup version 0.29.1-1-gd02db6906a (webtiles) character file.

Game seed: 15680003081680966964

44 croobank the Digger (level 3, -1/19 HPs)
             Began as a Gargoyle Earth Elementalist on Sept 23, 2022.
             Slain by an orc
             ... wielding a +0 falchion
              (3 damage)
             ... on level 2 of the Dungeon.
             The game lasted 00:03:51 (1767 turns).

croobank the Digger (Gargoyle Earth Elementalist)   Turns: 1767, Time: 00:03:53

Health: -1/19      AC:  5    Str: 11    XL:     3   Next: 60%
Magic:  6/6        EV: 12    Int: 17    God:
Gold:   89         SH:  0    Dex: 10    Spells: 5/6 levels left

rFire   . . .      SeeInvis .   a - +0 dagger
rCold   . . .      Faith    .   (no shield)
rNeg    + . .      Spirit   .   d - +0 robe
rPois   ∞          Reflect  .   (no helmet)
rElec   +          Harm     .   (no cloak)
rCorr   .          Rampage  .   (no gloves)
Will    .....                   (no boots)
Stlth   ++........              (no amulet)
HPRegen 0.06/turn               (no ring)
MPRegen 0.10/turn               (no ring)

@: no status effects
A: sickness immunity, AC +3, negative energy resistance 1, electricity
resistance, torment resistance 1, petrification resistance
a: no special abilities


You were on level 2 of the Dungeon.
You visited 1 branch of the dungeon, and saw 3 of its levels.

You collected 89 gold pieces.

Inventory:

Hand Weapons
 a - a +0 dagger (weapon)
 b - a +0 sling
Armour
 d - a +0 robe (worn)
 h - a +0 scale mail
Scrolls
 e - 2 scrolls of blinking {unknown}
 f - a scroll of poison {unknown}
 i - a scroll of brand weapon {unknown}
 j - 3 scrolls of teleportation {unknown}
 k - a scroll of identify {unknown}
 m - 2 scrolls of immolation {unknown}
 o - a scroll of noise {unknown}
Potions
 g - a potion of attraction {unknown}
 l - a potion of might {unknown}
 n - a potion of curing {unknown}


   Skills:
 + Level 2.0 Dodging
 + Level 2.8 Stealth
 + Level 2.4 Spellcasting
 + Level 1.3 Transmutations
 + Level 4.0 Earth Magic


You had 5 spell levels left.
You knew the following spells:

 Your Spells              Type           Power      Damage    Failure   Level
a - Sandblast             Erth           30%        2d9       3%          1

Your spell library contained the following spells:

 Spells                   Type           Power      Damage    Failure   Level
 Passwall                 Tmut/Erth      9%         N/A       10%         2
 Magic Dart               Conj           8%         1d3       19%         1
 Stone Arrow              Conj/Erth      16%        3d8       24%         3
 Call Imp                 Summ           2%         N/A       28%         2
 Mephitic Cloud           Conj/Pois/Air  2%         N/A       50%         3
 Petrify                  Tmut/Erth      11%        N/A       52%         4


Dungeon Overview and Level Annotations

Branches:
Dungeon (3/15)

Altars:

Shops:
D:1 (


Innate Abilities, Weirdness & Mutations

You are immune to sickness and miasma.
Your stone body is resilient. (AC +3)
You are immune to poison.
You resist negative energy. (rN+)
You are resistant to electric shocks. (rElec)
You are resistant to unholy torment.
You are immune to petrification.


Message History

The orc attacks as you move away! The orc barely misses you.
The orc attacks as you move away! The orc hits you but does no damage.
You completely miss the orc. The orc completely misses you.
You hit the orc.
The orc is heavily wounded.
The orc hits you with a +0 short sword.
You hit the orc.
You kill the orc!
Your Dodging skill increases to level 2!
Casting: Sandblast (safe; 3% risk of failure)
Confirm with . or Enter, or press ? or * to list all spells.
Aiming: Sandblast (safe; 3% risk of failure)
Press: ? - help, Shift-Dir - straight line, f/p - orc
Aim: an orc, wielding a +0 falchion and wearing a +0 chain mail (87% to hit)
The blast of sand hits the orc.
The orc is heavily wounded.
The orc closely misses you. The orc hits you with a +0 falchion.
You hit the orc but do no damage.
The orc is heavily wounded.
The orc closely misses you.
You hit the orc but do no damage.
The orc is heavily wounded.
The orc closely misses you.
You closely miss the orc.
The orc is heavily wounded.
The orc hits you with a +0 falchion.
You hit the orc.
The orc is severely wounded.
The orc closely misses you.
Casting: Sandblast (safe; 3% risk of failure)
Confirm with . or Enter, or press ? or * to list all spells.
Aiming: Sandblast (safe; 3% risk of failure)
Press: ? - help, Shift-Dir - straight line, f/p - orc
Aim: an orc, wielding a +0 falchion and wearing a +0 chain mail (severely wounded, 87% to hit)
The blast of sand hits the orc but does no damage.
The orc is severely wounded.
The orc hits you with a +0 falchion.
* * * LOW HITPOINT WARNING * * *
Magic courses through your body. The orc hits you with a +0 falchion.
You die...

#......#.................#...
#......#...........##........
#.....>..####.........#......
#......#....#....#.####.....÷
##########............#......
#.#......###...#....
##.##.##..###........
###..##.##.........#...
#########....o@.###............
#.........#..##.###............
#............##>.##............
#..........................#...
#..........###....#............
#####....######..#.##.........###
##............#.##.##.........#..
................##.##............
..............####.##........##..


You could see an orc.

Vanquished Creatures
  A worm (D:2)
  4 dart slugs
  An orc (D:2)
  2 endoplasms
  A giant cockroach (D:1)
  3 goblins
  3 hobgoblins (D:1)
  2 kobolds
  3 ball pythons (D:1)
  5 bats
  3 frilled lizards
  3 rats (D:2)
31 creatures vanquished.

Notes
Turn   | Place    | Note
-------+----------+-------------------------------------------
     0 | D:1      | croobank the Gargoyle Earth Elementalist began the quest
                  | for the Orb.
     0 | D:1      | Reached XP level 1. HP: 10/10 MP: 3/3
    92 | D:1      | Reached skill level 1 in Transmutations
    92 | D:1      | Reached XP level 2. HP: 10/15 MP: 1/5
   432 | D:1      | Found Zoaceir's Antique Weapon Boutique.
   651 | D:1      | Reached XP level 3. HP: 10/19 MP: 6/6
  1067 | D:1      | Found a faded altar of an unknown god.
  1298 | D:2      | Reached skill level 4 in Earth Magic
  1767 | D:2      | Slain by an orc

Illustrated notes

Levels and vault maps discovered:
D:1:      erik_arrival_orb_chamber, layout_loops_ring,
          dreamdust_ecumenical_altar_grove, serial_shops, shop_statue
D:2:      layout_rooms, minmay_misc_feat_chi
D:3:      layout_rooms, kennysheep_generic_room_13

Skill      XL: |  1  2  3 |
---------------+----------+-----
Transmutations | 1 |  1.3
Earth Magic    | 4 |  4.0
Dodging        | 2 |  2.0
Stealth        | |  2.8
Spellcasting   | |  2.4

Action                   || total
-------------------------++-------
Melee: Unarmed           ||    14
       Dagger            ||    26
 Cast: Sandblast         ||    44
  Use: Potion            ||     1
 Stab: Sleeping          ||     1
Armor: Robe              ||    17
Dodge: Dodged            ||    42
